 Dungeon Crawl Stone Soup version 0.27-a0-1083-gcf8293e1eb (webtiles) character file.

Game seed: 2057610056862157045

1610 oxid the Chopper (level 8, -1/64 HPs)
             Began as a Demonspawn Berserker on Apr 26, 2021.
             Was an Initiate of Trog.
             Killed by divine providence
             ... invoked by an orc priest
              (12 damage)
             ... on level 6 of the Dungeon.
             The game lasted 00:29:31 (10180 turns).

oxid the Chopper (Demonspawn Berserker)            Turns: 10180, Time: 00:29:31

Health: -1/64      AC: 18    Str: 24    XL:     8   Next: 63%
Magic:  13/13      EV: 14    Int:  9    God:    Trog [......]
Gold:   339        SH:  0    Dex: 12    Spells: 14/14 levels left

rFire    + . .     SeeInvis .   a - +2 hand axe (protect)
rCold    x . .     Faith    .   (no shield)
rNeg     . . .     Spirit   .   q - +7 chain mail "Kunn" {rPois Will+ Str+4}
rPois    +         Reflect  .   (helmet restricted)
rElec    .         Harm     .   (no cloak)
rCorr    .         Rampage  .   (no gloves)
Will     +....                  (no boots)
Stlth    ..........             (no amulet)
HPRegen  0.20/turn              p - ring of poison resistance
MPRegen  0.13/turn              x - ring of fire

@: agile
A: antennae 1, molten scales 1, demonic guardian 1, powered by pain 1
a: Renounce Religion


You were on level 6 of the Dungeon.
You worshipped Trog.
Trog was noncommittal.
You visited 2 branches of the dungeon, and saw 7 of its levels.
You also visited: Ossuary.

You collected 419 gold pieces.
You spent 80 gold pieces at shops.

Inventory:

Hand Weapons
 a - a +2 hand axe of protection (weapon)
 l - a +6 spectral club
 o - a +0 dagger of draining
Missiles
 j - 54 bolts
 r - 9 poisoned darts (quivered)
Armour
 b - a +1 animal skin
 e - a +0 scale mail
 g - a +0 plate armour
 q - the +7 chain mail "Kunn" (worn) {rPois Will+ Str+4}
   (You took it off a kobold on level 4 of the Dungeon)

   It affects your strength (+4).
   It protects you from poison.
   It increases your willpower.
Magical Staves
 t - a staff of conjuration
Jewellery
 p - a ring of poison resistance (left hand)
 x - a ring of fire (right hand)
Wands
 f - a wand of digging (7)
 k - a wand of polymorph (3)
 v - a wand of charming (4)
Scrolls
 d - 3 scrolls of identify
 m - 2 scrolls of teleportation
 y - a scroll of enchant armour
 A - 2 scrolls of magic mapping
Potions
 c - 4 potions of attraction {unknown}
 h - 3 potions of magic
 i - 2 potions of lignification {unknown}
 n - 2 potions of mutation {unknown}
 s - 2 potions of haste
 u - a potion of degeneration {unknown}
 w - 2 potions of flight {unknown}
 z - a potion of berserk rage {unknown}
 B - a potion of resistance {unknown}
 C - a potion of curing {unknown}


   Skills:
 + Level 5.6 Fighting
 + Level 5.8 Axes
 + Level 4.2 Armour
 + Level 4.5 Dodging
 - Level 2.0 Stealth
 + Level 3.5 Spellcasting


You had 14 spell levels left.
You didn't know any spells.
Your spell library contained the following spells:

 Spells                   Type           Power      Damage    Failure   Level
 Magic Dart               Conj           4%         1d3       90%         1
 Summon Small Mammal      Summ           4%         N/A       90%         1
 Call Imp                 Summ           1%         N/A       97%         2
 Searing Ray              Conj           2%         3d3       97%         2
 Call Canine Familiar     Summ           1%         N/A       99%         3
 Dazzling Flash           Conj/Hex       2%         N/A       99%         3
 Summon Guardian Golem    Hex/Summ       1%         N/A       99%         3
 Fulminant Prism          Conj/Hex       0%         3d6       100%        4
 Iskenderun's Mystic Bla  Conj/Tloc      1%         2d3       100%        4
 Summon Ice Beast         Ice/Summ       1%         N/A       100%        4
 Summon Lightning Spire   Summ/Air       1%         N/A       100%        4


Dungeon Overview and Level Annotations

Branches:
Dungeon (6/15)             Temple (1/1) D:4         Ossuary (visited)

Altars:
Ashenzari
Cheibriados
Dithmenos
Elyvilon
Fedhas
Gozag
Hepliaklqana
Makhleb
Nemelex Xobeh
Okawaru
Qazlal
Ru
Sif Muna
Trog
Uskayaw
Vehumet
Wu Jian
Xom
Yredelemnul
Zin
The Shining One
Jiyva

Shops:
D:2 *   D:4 [

Annotations:
D:6 1 runed translucent door, Sergey's ghost, weakling DDDe


Innate Abilities, Weirdness & Mutations

You have a pair of small antennae on your head.
You are partially covered in molten scales. (AC +2)
A weak demonic guardian rushes to your aid.
You sometimes gain a little power by taking damage.


Message History

The water moccasin bites you. x2
You are poisoned.
The water moccasin poisons you!
You closely miss the water moccasin.
The water moccasin is moderately wounded.
You feel very sick.
The water moccasin bites you but does no damage.
You hit the water moccasin.
The water moccasin is moderately wounded.
You feel very sick.
The water moccasin completely misses you.
The water moccasin bites you.
You hit the water moccasin.
The water moccasin is moderately wounded.
You feel sick.
The water moccasin bites you but does no damage.
You feel sick.
You feel sick. The water moccasin bites you.
* * * LOW HITPOINT WARNING * * *
You feel sick.
You feel sick. The water moccasin misses you.
You feel sick.
There is an open door here.
You feel sick. The water moccasin bites you.
* * * LOW HITPOINT WARNING * * *
A demonic guardian appears!
You feel sick.
You are no longer poisoned.
Your ufetubus hits the water moccasin.
Your ufetubus misses the water moccasin.
Your ufetubus hits the water moccasin.
Your ufetubus closely misses the water moccasin.
The water moccasin bites you but does no damage.
Your ufetubus misses the water moccasin. x2
There is an open door here.
Your ufetubus completely misses the water moccasin.
Your ufetubus closely misses the water moccasin.
The orc priest invokes the aid of Beogh against you.
Beogh smites you!
You die...

######......# ####
#...........# #...
#...........# #...
#...........# #...
#......###### #...
#......###### ###...
#......รท....###### #.#...
#......##.#.##...#######.#...
#......+..#>@S.5.ooo.........
#......##.#.##o..###.###.####
#.#+#####.#...........o......
###.# #...#######........###
#...# #......## #.##...###
#.### #.##.#..###.##...# #..
#.####.......##.##...#
###.#......#####.##.##...#
.#..###.#...#....##...#


You could see a water moccasin (ally target), an orc priest, 3 orcs and a
friendly ufetubus (summoned).

Vanquished Creatures
  Eustachio (D:5)
  Menkaure (D:4)
  A black bear (D:5)
  An ice beast (D:6)
  A bullfrog (D:6)
  2 scorpions
  3 water moccasin skeletons
  A howler monkey (D:5)
  A hound (D:6)
  2 jellies
  2 bullfrog skeletons
  Ijyb (D:3)
  An iguana (D:5)
  A hound zombie (D:5)
  2 hound skeletons
  6 mummies (Ossuary)
  A howler monkey skeleton (D:6)
  6 gnolls
  4 adders
  2 white imps
  An adder skeleton (D:4)
  A worm (D:3)
  3 dart slugs
  4 orcs
  7 ball pythons
  4 bats
  11 endoplasms
  A giant cockroach (D:3)
  2 gnoll zombies (Ossuary)
  13 goblins
  5 hobgoblins
  3 jackals (D:3)
  6 kobolds
  3 quokkas
  7 frilled lizards (D:1)
  2 hobgoblin zombies (Ossuary)
  2 kobold zombies (Ossuary)
  2 orc zombies (Ossuary)
  8 rats
125 creatures vanquished.

Vanquished Creatures (collateral kills)
  Grinder (D:4)
  A jelly (D:4)
  A howler monkey (D:6)
  A scorpion zombie (D:5)
  2 mummies (Ossuary)
  Robin (D:4)
  3 goblins (D:4)
  A hobgoblin (D:4)
11 creatures vanquished.

Vanquished Creatures (others)
  23 plants (D:3)
23 creatures vanquished.

Grand Total: 159 creatures vanquished

Notes
Turn   | Place    | Note
-------+----------+-------------------------------------------
     0 | D:1      | oxid the Demonspawn Berserker began the quest for the Orb.
     0 | D:1      | Reached XP level 1. HP: 18/18 MP: 1/1
   612 | D:1      | Gained mutation: You sometimes gain a little power by
                  | taking damage. [demonic ancestry]
   612 | D:1      | Reached XP level 2. HP: 17/24 MP: 2/2
  2866 | D:2      | Reached ** piety under Trog
  2922 | D:2      | Gained mutation: You are partially covered in molten
                  | scales. (AC +2) [demonic ancestry]
  2922 | D:2      | Reached XP level 3. HP: 26/29 MP: 3/3
  3180 | D:2      | Found Poyxiopo's Assorted Antiques.
  3241 | D:2      | Reached skill level 1 in Stealth
  3241 | D:2      | Reached XP level 4. HP: 28/37 MP: 4/4
  4008 | D:2      | Bought a copper wand for 80 gold pieces
  4062 | D:3      | Gained mutation: You have a pair of small antennae on your
                  | head. [demonic ancestry]
  4062 | D:3      | Reached XP level 5. HP: 35/42 MP: 5/5
  4343 | D:3      | Noticed Ijyb
  4385 | D:3      | Killed Ijyb
  4670 | D:3      | Found a snail-covered altar of Cheibriados.
  4933 | D:3      | Gained mutation: A weak demonic guardian rushes to your
                  | aid. [demonic ancestry]
  4933 | D:3      | Reached XP level 6. HP: 43/48 MP: 6/6
  5241 | D:3      | Found an ornate altar of the Wu Jian Council.
  5241 | D:3      | Found an opulent altar of Gozag.
  5241 | D:3      | Found a stormy altar of Qazlal.
  5257 | D:3      | Found a sacrificial altar of Ru.
  5260 | D:3      | Found a blossoming altar of Fedhas.
  5852 | D:4      | Noticed Menkaure
  5852 | D:4      | Noticed Grinder
  5862 | D:4      | Paralysed by Grinder for 2 turns
  5877 | D:4      | Noticed Robin
  5895 | D:4      | Killed Robin
  5912 | D:4      | Killed Menkaure
  5913 | D:4      | Reached skill level 1 in Spellcasting
  6145 | D:4      | Killed Grinder
  6146 | D:4      | Reached XP level 7. HP: 10/55 MP: 7/9
  6762 | D:4      | Identified the +7 chain mail "Kunn" {rPois Will+ Str+4}
  7147 | D:4      | Found Lithiyz's Armour Boutique.
  7515 | D:4      | Found a staircase to the Ecumenical Temple.
  7720 | D:4      | Found a sparkling altar of Nemelex Xobeh.
  7729 | D:4      | Found a bloodstained altar of Trog.
  7797 | Temple   | Entered the Ecumenical Temple
  7972 | D:5      | Entered Level 5 of the Dungeon
  7972 | D:5      | Noticed Eustachio
  7987 | D:5      | Reached skill level 5 in Axes
  8002 | D:5      | Killed Eustachio
  8051 | D:5      | Reached skill level 5 in Fighting
  8098 | D:5      | Reached XP level 8. HP: 58/62 MP: 12/12
  8174 | D:5      | Found an iron altar of Okawaru.
  8915 | D:6      | Found a runed translucent gate.
  8915 | D:6      | Noticed Sergey's ghost (weakling DDDe)
  8932 | D:6      | Identified the +7 chain mail "Put-Me-On" {-Cast Int+5
                  | Slay+3}
  9115 | D:6      | Found a sand-covered staircase.
  9122 | Ossuary  | Entered an ossuary
 10180 | D:6      | Killed from afar by an orc priest

Illustrated notes

Levels and vault maps discovered:
D:1:      dpeg_arrival_arbitrary_b, layout_basic, minmay_misc_feat_tiny,
          hangedman_decor_diamond_cutter
D:2:      layout_loops_ring, serial_shops, shop, minivault_14,
          minmay_pentomino_x2
D:3:      minmay_angry_zag, layout_loops_ring, minitemple, lemuel_doored_altar,
          serial_bayou_lagoon_a, minmay_misc_feat_pillars, uniq_ijyb
D:4:      layout_cave_pools, minmay_overflow_temple_star_quad, temple_doors_cd,
          serial_park, serial_shops, nicolae_shop_behind_doors, uniq_robin,
          uniq_menkaure, uniq_grinder
D:5:      layout_rooms, okawaru_trees_2, uniq_eustachio
D:6:      layout_basic, biasface_ghost_orc_armoury, enter_ossuary_2,
          uniq_duvessa
Temple:   pf_slime_end_temple

Skill      XL: |  1  2  3  4  5  6  7  8 |
---------------+-------------------------+-----
Axes           | 3 4 5 |  5.8
Armour         | 2 3 4 |  4.2
Dodging        | 2 3 4 |  4.5
Stealth        | 1 2 |  2.0
Fighting       | 4 5 |  5.6
Spellcasting   | 1 2 3 |  3.5

Action                   |  1- 3 |  4- 6 |  7- 9 || total
-------------------------+-------+-------+-------++-------
Melee: Hand axe          |    90 |   157 |   236 ||   483
       Unarmed           |       |    13 |       ||    13
Invok: Berserk           |     1 |     5 |     1 ||     7
       Trog's Hand       |       |     6 |       ||     6
Evoke: Wand              |       |       |     1 ||     1
  Use: Scroll            |     7 |     2 |     5 ||    14
 Stab: Sleeping          |     4 |     2 |       ||     6
       Distracted        |       |     1 |       ||     1
Armor: Animal skin       |    14 |    12 |       ||    26
       Plate armour      |       |   109 |     7 ||   116
       Skin              |       |     1 |       ||     1
       Chain mail        |       |       |   166 ||   166
Dodge: Dodged            |    65 |    72 |   124 ||   261

Table legend: (Time is in decaauts)
 A = Elapsed time spent in this place.
 B = Non-inter-level travel time spent in this place.
 C = Inter-level travel time spent in this place.
 D = Time resting spent in this place.
 E = Time spent auto-exploring this place.
 F = Levels seen in this place.
 G = Mean time per level.
                   A        B        C        D        E       F      G
               +--------+--------+--------+--------+--------+-----+--------+
         Total |  10284 |  10112 |    172 |   5524 |   2071 |   8 | 1285.5 |
       Dungeon |   9498 |   9326 |    172 |   5119 |   1963 |   6 | 1583.0 |
        Temple |    159 |    159 |      0 |      0 |    108 |   1 |  159.0 |
       Ossuary |    625 |    625 |      0 |    405 |      0 |   1 |  625.0 |
               +--------+--------+--------+--------+--------+-----+--------+

Top non-repeatable levels by time:
     D:1: 2869 daAuts
     D:4: 2196 daAuts
     D:3: 1654 daAuts
     D:2: 1185 daAuts
     D:6: 913 daAuts
     D:5: 679 daAuts
 Ossuary: 625 daAuts
  Temple: 159 daAuts
